 Dungeon Crawl Stone Soup version 0.30-a0-632-g346586fe48 (webtiles) character file.

Game seed: 15382550616155621408

3 Leeroy the Ducker (level 1, -1/13 HPs)
             Began as a Deep Elf Monk on Jan 13, 2023.
             Succumbed to a goblin's poison
             ... on level 1 of the Dungeon.
             The game lasted 00:00:23 (161 turns).

Leeroy the Ducker (Deep Elf Monk)                    Turns: 161, Time: 00:00:24

Health: -1/13      AC:  2    Str:  8    XL:     1   Next: 41%
Magic:  3/3        EV: 13    Int: 14    God:
Gold:   26         SH:  0    Dex: 17    Spells: 0/0 levels left

rFire   . . .      SeeInvis .    a - +0 falchion
rCold   . . .      Faith    .    (no shield)
rNeg    . . .      Spirit   .    b - +0 robe
rPois   .          Reflect  .    (no helmet)
rElec   .          Harm     .    (no cloak)
rCorr   .          Rampage  .    (no gloves)
Will    .....                    (no boots)
Stlth   ++                       (no amulet)
HPRegen 0.22/turn                (no ring)
MPRegen 0.08/turn                (no ring)

@: lethally poisoned (-1 -> -12)
A: no striking features
a: no special abilities


You were on level 1 of the Dungeon.
You visited 1 branch of the dungeon, and saw 1 of its levels.

You collected 26 gold pieces.

Inventory:

Hand Weapons
 a - a +0 falchion (weapon)
Armour
 b - a +0 robe (worn)
Jewellery
 d - an amulet of reflection
Potions
 c - a potion of ambrosia
 e - a potion of haste {unknown}
 f - a potion of curing {unknown}


   Skills:
 - Level 2.4 Fighting
 + Level 2.9 Long Blades
 - Level 3.7 Dodging
 - Level 2.4 Stealth


You couldn't memorise any spells.
You didn't know any spells.
Your spell library contained the following spells:

 Spells                   Type           Power      Damage    Failure   Level
 Animate Dead             Necr           0%         N/A       96%         4
 Haunt                    Necr/Summ      0%         N/A       100%        7
 Infestation              Necr           0%         N/A       100%        8


Dungeon Overview and Level Annotations

Branches:
Dungeon (1/15)

Altars:


Message History

Things that are here:
a +0 club; a goblin corpse
Things that are here:
a +0 club; a goblin corpse A kobold and a ball python come into view.
The kobold shouts!
The ball python hisses angrily.
There are monsters nearby!
You closely miss the ball python.
A goblin comes into view. It is wielding a +2 dagger of venom.
The ball python bites you. The ball python closely misses you.
You closely miss the ball python.
The goblin shouts!
The ball python closely misses you. x2
You hit the ball python.
You kill the ball python!
A ball python comes into view.
Found a scroll labelled LUSIGO TEYBOER.
The kobold hits you with a +0 dagger.
You see here a ball python corpse.
You completely miss the kobold. The kobold hits you but does no damage.
You hit the kobold but do no damage. The goblin barely misses you.
The kobold barely misses you.
You closely miss the kobold. The goblin barely misses you.
The kobold hits you with a +0 dagger.
You barely miss the kobold.
A goblin comes into view. It is wielding a +0 club.
The goblin hits you with a +2 dagger of venom.
The kobold hits you with a +0 dagger.
You are too injured to fight recklessly!
You are too injured to fight recklessly!
You are too injured to fight recklessly!
You are too injured to fight recklessly!
You are too injured to fight recklessly!
The goblin attacks as you move away! The goblin completely misses you.
The kobold attacks as you move away! The kobold hits you with a +0 dagger.
* * * LOW HITPOINT WARNING * * *
You barely miss the goblin.
The goblin hits you with a +2 dagger of venom.
* * * LOW HITPOINT WARNING * * *
You are lethally poisoned!
You die...

#..# #..# #..#
#..#####. ##†.......
###...###### # #.gS..#
## #.#.#.# .## #@#.#.#
..## ##.#.#.# ...#
###.#..#.# ...##
###..###.#.#
....#######.......)..#
....#.......#######..#
....######..# #..#
....# #..# #..# (..##
#..# #..#


You could see a goblin.

Vanquished Creatures
  A ball python (D:1)
  A goblin (D:1)
  A bat (D:1)
3 creatures vanquished.

Notes
Turn   | Place    | Note
-------+----------+-------------------------------------------
     0 | D:1      | Leeroy the Deep Elf Monk began the quest for the Orb.
     0 | D:1      | Reached XP level 1. HP: 13/13 MP: 3/3
   161 | D:1      | Succumbed to a goblin's poison

Illustrated notes

Levels and vault maps discovered:
D:1:      dpeg_arrival_snail, layout_loops_ring, hex_tiny,
          chequers_serial_rivers_large_b, minmay_pentomino_p2

Action                   || total
-------------------------++-------
Melee: Falchion          ||    11
 Stab: Sleeping          ||     1
Armor: Robe              ||     1
Dodge: Dodged            ||     8

Table legend: (Time is in decaauts)
 A = Elapsed time spent in this place.
 B = Non-inter-level travel time spent in this place.
 C = Inter-level travel time spent in this place.
 D = Time resting spent in this place.
 E = Time spent auto-exploring this place.
 F = Levels seen in this place.
 G = Mean time per level.
                   A        B        C        D        E       F      G
               +--------+--------+--------+--------+--------+-----+--------+
         Total |    162 |    162 |      0 |      0 |    120 |   1 |  162.0 |
       Dungeon |    162 |    162 |      0 |      0 |    120 |   1 |  162.0 |
               +--------+--------+--------+--------+--------+-----+--------+

Top non-repeatable levels by time:
     D:1: 162 daAuts
